General information
- name: BNet
- type: Ladder team game (AT/RT)
- host: Battle.net
- saver: DRAYEN4V4RTGOD
map: GoldRush
- players: 8
- length: 14:53
- speed: Fast
- version: 1.24 W3XP
- replay type: Public
» download(99 KB)
Players
team 1 (winner)

»
OakHill (
red | 108 APM | 1612 actions | 14:52)
3 Death Knight
2 Death Coil
1 Unholy Aura
1 Lich
1 Frost Nova
» actions
| Assign group hotkey | 37 | |
| Basic commands | 29 | |
| Build / train | 49 | |
| ESC pressed | 1 | |
| Enter build submenu | 23 | |
| Enter hero's abilities submenu | 4 | |
| Give item / drop item | 2 | |
| Right click | 822 | |
| Select / deselect | 279 | |
| Select group hotkey | 309 | |
| Use ability | 57 | |
1612 total
» units
| Acolyte | 17 | |
| Ghoul | 12 | |
| Gargoyle | 3 | |
32 total
» buildings
| Altar of Darkness | 1 | |
| Crypt | 6 | |
| Ziggurat | 9 | |
| Tomb of Relics | 1 | |
| Halls of the Dead | 3 | |
| Graveyard | 1 | |
| Nerubian Tower | 1 | |
| Spirit Tower | 1 | |
| Black Citadel | 1 | |
24 total
» build order
00:09 Altar of Darkness
00:12 Crypt
00:41 Ziggurat
00:55 Tomb of Relics
01:51 Ziggurat
02:38 Halls of the Dead
02:38 Halls of the Dead
03:26 Graveyard
04:01 Crypt
04:14 Nerubian Tower
04:51 Ziggurat
10:17 Ziggurat
10:18 Ziggurat
11:11 Spirit Tower
11:33 Ziggurat
12:18 Black Citadel
12:20 Ziggurat
12:21 Ziggurat
12:21 Ziggurat
12:51 Crypt
12:52 Crypt
12:53 Crypt
13:22 Crypt
» items
| Rod of Necromancy | 2 | |
| Orb of Corruption | 1 | |
| Scroll of Healing | 1 | |
4 total

»
Noble_Pally (
purple | 30 APM | 453 actions | 14:52)
3 Dreadlord
2 Vampiric Aura
1 Sleep
» actions
| Assign group hotkey | 3 | |
| Build / train | 50 | |
| Enter build submenu | 19 | |
| Enter hero's abilities submenu | 3 | |
| Remove unit from queue | 1 | |
| Right click | 187 | |
| Select / deselect | 155 | |
| Select group hotkey | 16 | |
| Use ability | 19 | |
453 total
» units
| Acolyte | 7 | |
| Ghoul | 7 | |
| Abomination | 9 | |
23 total
» upgrades
| Unholy Armor | 2 | |
| Unholy Strength | 2 | |
| Cannibalize | 1 | |
| Disease Cloud | 1 | |
6 total
» buildings
| Altar of Darkness | 2 | |
| Crypt | 1 | |
| Ziggurat | 9 | |
| Graveyard | 1 | |
| Halls of the Dead | 1 | |
| Nerubian Tower | 1 | |
| Spirit Tower | 11 | |
| Black Citadel | 1 | |
| Slaughterhouse | 3 | |
30 total
» build order
00:14 Altar of Darkness
00:19 Crypt
00:23 Altar of Darkness
00:41 Ziggurat
01:11 Ziggurat
01:21 Graveyard
02:44 Halls of the Dead
03:30 Ziggurat
03:46 Nerubian Tower
04:13 Spirit Tower
04:23 Spirit Tower
04:37 Ziggurat
05:17 Black Citadel
05:27 Slaughterhouse
05:40 Slaughterhouse
07:14 Slaughterhouse
07:47 Ziggurat
07:49 Spirit Tower
09:59 Ziggurat
10:52 Ziggurat
10:53 Spirit Tower
12:14 Spirit Tower
12:16 Ziggurat
12:21 Ziggurat
14:51 Spirit Tower
14:52 Spirit Tower
» items
DRAYEN4V4RTGOD (
pink | 75 APM | 1124 actions | 14:53)
4 Death Knight
2 Death Coil
1 Unholy Aura
1 Death Pact
2 Lich
1 Frost Nova
1 Frost Armor
» actions
| Assign group hotkey | 21 | |
| Build / train | 45 | |
| Enter build submenu | 16 | |
| Enter hero's abilities submenu | 6 | |
| Give item / drop item | 2 | |
| Remove unit from queue | 1 | |
| Right click | 439 | |
| Select / deselect | 173 | |
| Select group hotkey | 376 | |
| Use ability | 45 | |
1124 total
» units
| Acolyte | 7 | |
| Ghoul | 3 | |
| Crypt Fiend | 8 | |
| Forest Troll Shadow Priest | 1 | |
| Frost Wyrm | 3 | |
22 total
» upgrades
| Creature Attack | 2 | |
| Web | 1 | |
| Burrow | 1 | |
| Creature Carapace | 1 | |
5 total
» buildings
| Graveyard | 1 | |
| Crypt | 1 | |
| Ziggurat | 7 | |
| Altar of Darkness | 1 | |
| Tomb of Relics | 1 | |
| Nerubian Tower | 1 | |
| Halls of the Dead | 1 | |
| Sacrificial Pit | 1 | |
| Necropolis | 1 | |
| Black Citadel | 2 | |
| Spirit Tower | 1 | |
| Boneyard | 2 | |
20 total
» build order
00:09 Graveyard
00:12 Crypt
00:40 Ziggurat
00:58 Altar of Darkness
01:50 Tomb of Relics
02:03 Ziggurat
02:35 Nerubian Tower
04:15 Halls of the Dead
04:42 Ziggurat
05:06 Ziggurat
06:55 Sacrificial Pit
09:19 Necropolis
09:48 Black Citadel
09:48 Black Citadel
10:08 Ziggurat
10:57 Ziggurat
10:57 Ziggurat
11:04 Spirit Tower
12:46 Boneyard
12:47 Boneyard
» items
| Rod of Necromancy | 1 | |
| Potion of Healing | 1 | |
| Scroll of Town Portal | 1 | |
3 total

»
takemylootitk (
orange | 56 APM | 834 actions | 14:52)
4 Priestess of the Moon
2 Scout
2 Trueshot Aura
3 Keeper of the Grove
2 Entangling Roots
1 Thorns Aura
» actions
| Assign group hotkey | 19 | |
| Build / train | 59 | |
| Enter build submenu | 19 | |
| Enter hero's abilities submenu | 7 | |
| Give item / drop item | 1 | |
| Right click | 246 | |
| Select / deselect | 204 | |
| Select group hotkey | 237 | |
| Use ability | 42 | |
834 total
» units
» upgrades
| Strength of the Moon | 3 | |
| Improved Bows | 1 | |
| Hippogryph Taming | 1 | |
| Druid of the Talon Training | 2 | |
| Moon Armor | 1 | |
| Marksmanship | 1 | |
9 total
» buildings
| Moon Well | 5 | |
| Altar of Elders | 1 | |
| Ancient of War | 4 | |
| Tree of Life | 1 | |
| Tree of Ages | 1 | |
| Hunter's Hall | 1 | |
| Ancient of Wind | 3 | |
| Ancient of Wonders | 1 | |
| Tree of Eternity | 1 | |
18 total
» build order
00:08 Moon Well
00:17 Altar of Elders
00:38 Moon Well
01:27 Moon Well
01:48 Ancient of War
02:07 Ancient of War
05:08 Tree of Life
05:10 Tree of Ages
05:35 Hunter's Hall
05:42 Moon Well
06:38 Moon Well
07:43 Ancient of Wind
07:46 Ancient of Wind
07:51 Ancient of Wind
08:05 Ancient of Wonders
09:40 Ancient of War
10:21 Tree of Eternity
14:32 Ancient of War
» items
| Boots of Speed | 2 | |
| Scroll of Town Portal | 2 | |
4 total
team 2 (loser)

»
CrankyOldMan (
green | 45 APM | 613 actions | 13:30)
2 Far Seer
1 Feral Spirit
1 Chain Lighting
1 Shadow Hunter
1 Serpent Ward
» actions
| Assign group hotkey | 16 | |
| Basic commands | 6 | |
| Build / train | 51 | |
| Enter build submenu | 18 | |
| Enter hero's abilities submenu | 3 | |
| Remove unit from queue | 2 | |
| Right click | 278 | |
| Select / deselect | 164 | |
| Select group hotkey | 20 | |
| Use ability | 55 | |
613 total
» units
| Peon | 20 | |
| Grunt | 10 | |
| Troll Headhunter/Berserker | 5 | |
35 total
» upgrades
| Spiked Barricades | 1 | |
| Melee Weapons | 1 | |
| Shaman Training | 1 | |
3 total
» buildings
| Barracks | 1 | |
| Altar of Storms | 1 | |
| Orc Burrow | 4 | |
| War Mill | 1 | |
| Voodoo Lounge | 1 | |
| Watch Tower | 6 | |
| Great Hall | 1 | |
| Stronghold | 1 | |
| Spirit Lodge | 1 | |
| Fortress | 1 | |
18 total
» build order
00:15 Barracks
00:20 Altar of Storms
00:30 Orc Burrow
01:40 Orc Burrow
01:59 War Mill
02:13 Voodoo Lounge
03:27 Watch Tower
04:30 Orc Burrow
05:23 Great Hall
05:55 Orc Burrow
06:30 Watch Tower
08:29 Watch Tower
08:32 Stronghold
09:34 Watch Tower
09:47 Watch Tower
11:00 Watch Tower
11:42 Spirit Lodge
11:47 Fortress
» items
| Healing Salve | 2 | |
| Scroll of Town Portal | 1 | |
| Potion of Healing | 1 | |
4 total
BigTigga (
blue | 0 APM | 2 actions | 14:51)
f7v1y2 (
teal | 31 APM | 449 actions | 14:24)
2 Blademaster
1 Wind Walk
1 Mirror Image
1 Shadow Hunter
1 Healing Wave
» actions
| Assign group hotkey | 7 | |
| Build / train | 39 | |
| Enter build submenu | 12 | |
| Enter hero's abilities submenu | 3 | |
| Remove unit from queue | 2 | |
| Right click | 219 | |
| Select / deselect | 140 | |
| Select group hotkey | 3 | |
| Use ability | 24 | |
449 total
» units
| Peon | 7 | |
| Grunt | 4 | |
| Troll Headhunter/Berserker | 4 | |
| Ogre Mauler | 1 | |
| Mud Golem | 1 | |
| Forest Troll Berserker | 1 | |
| Forest Troll Shadow Priest | 1 | |
| Troll Witch Doctor | 2 | |
21 total
» upgrades
| Ranged Weapons | 3 | |
| Armor | 1 | |
| Troll Regeneration | 1 | |
| Berserker Strength | 1 | |
| Witch Doctor Training | 2 | |
8 total
» buildings
| Barracks | 1 | |
| Orc Burrow | 5 | |
| War Mill | 1 | |
| Altar of Storms | 1 | |
| Voodoo Lounge | 1 | |
| Stronghold | 1 | |
| Spirit Lodge | 1 | |
| Fortress | 1 | |
| Beastiary | 1 | |
13 total
» build order
00:05 Barracks
00:09 Orc Burrow
01:05 War Mill
01:14 Altar of Storms
02:42 Orc Burrow
02:53 Voodoo Lounge
03:35 Orc Burrow
04:02 Orc Burrow
05:00 Stronghold
05:14 Orc Burrow
09:55 Spirit Lodge
10:07 Fortress
11:52 Beastiary
PODLESNIY (
yellow | 46 APM | 628 actions | 13:37)
3 Archmage
1 Summon Water Elemental
2 Brilliance Aura
» actions
| Basic commands | 38 | |
| Build / train | 66 | |
| Enter build submenu | 30 | |
| Enter hero's abilities submenu | 3 | |
| Give item / drop item | 1 | |
| Right click | 200 | |
| Select / deselect | 251 | |
| Use ability | 39 | |
628 total
» units
| Peasant | 20 | |
| Footman | 10 | |
| Rifleman | 3 | |
| Siege Engine | 2 | |
| Priest | 2 | |
| Knight | 1 | |
38 total
» upgrades
| Masonry | 2 | |
| Lumber Harvesting | 1 | |
| Gunpowder | 2 | |
| Plating | 1 | |
| Barrage | 1 | |
| Priest Training | 1 | |
| Animal War Training | 1 | |
| Swords | 1 | |
10 total
» buildings
| Barracks | 2 | |
| Altar of Kings | 1 | |
| Farm | 7 | |
| Town Hall | 1 | |
| Lumber Mill | 1 | |
| Arcane Vault | 1 | |
| Keep | 1 | |
| Scout Tower | 9 | |
| Blacksmith | 1 | |
| Guard Tower | 7 | |
| Castle | 1 | |
| Workshop | 3 | |
| Arcane Sanctum | 1 | |
36 total
» build order
00:09 Barracks
00:16 Altar of Kings
00:26 Farm
00:40 Farm
01:32 Farm
01:48 Farm
03:54 Town Hall
05:03 Lumber Mill
05:09 Arcane Vault
05:49 Keep
06:39 Scout Tower
06:41 Scout Tower
06:50 Scout Tower
06:53 Scout Tower
07:03 Blacksmith
07:13 Guard Tower
07:26 Scout Tower
07:31 Scout Tower
07:38 Guard Tower
07:41 Scout Tower
07:46 Scout Tower
07:50 Guard Tower
08:14 Guard Tower
08:21 Guard Tower
08:24 Guard Tower
08:29 Scout Tower
08:34 Guard Tower
09:13 Castle
09:18 Workshop
09:26 Farm
09:43 Workshop
09:47 Farm
10:08 Workshop
10:20 Barracks
10:42 Arcane Sanctum
10:47 Farm
» items
| Scroll of Town Portal | 4 | |
| Dust of Appearance | 1 | |
5 total
Chat log
(00:06 / Allies) OakHill: 4v4 god
(00:06 / Allies) OakHill: no
(00:15 / Allies) OakHill: that is my title
(00:18 / Allies) DRAYEN4V4RTGOD: aren't you skelfer?
(00:23 / Allies) OakHill: who
(00:31 / Allies) Noble_Pally: units>?
(00:35 / Allies) Noble_Pally: aboms here
(00:45 / Allies) DRAYEN4V4RTGOD: i forget what forum poster u are
(00:49 / Allies) OakHill: fiends
(00:52 / Allies) OakHill: rly
(00:57 / Allies) OakHill: RLY
(01:05 / Allies) OakHill: orc_is_h4x
(01:07 / Allies) OakHill: thats me
(01:31 / Allies) DRAYEN4V4RTGOD: this is mugaroiscool, ill try to win not stab
(01:37 / Allies) OakHill: lol
(01:41 / Allies) OakHill: u can stab I dont care
(01:47 / Allies) OakHill: ive been stabbed 4 times
(01:49 / Allies) OakHill: lol
(01:59 / Allies) OakHill: in 8 games
(02:20 / Allies) DRAYEN4V4RTGOD: i was disappointed by mass effect 2, its too linear in terms of zones/exploring
(02:36 / Allies) OakHill: every game disappoints me
(03:34 / Allies) OakHill: had to be an orc x_x
(04:28 / Allies) Noble_Pally: pink wnana hit teal??
(04:31 / Allies) Noble_Pally: all ghousl>
(07:08 / Allies) DRAYEN4V4RTGOD: BUILD A SHOP IDIOT WOW
(07:54 / Allies) DRAYEN4V4RTGOD: gold
(09:03 / Allies) OakHill: dispel
(09:05 / Allies) OakHill: hallucinations
(10:42 / Allies) OakHill: nice
(10:52 / All) DRAYEN4V4RTGOD: burrow more noob
(11:02 / All) OakHill: no one messes with drayen
(12:50 / All) CrankyOldMan: wake up assholes
(13:09 / All) CrankyOldMan: i had NO hero
(13:11 / All) CrankyOldMan: FUCK up
(13:16 / All) OakHill: manner
(13:29 / All) DRAYEN4V4RTGOD: u guys have no chance, red is an oldschool euro pro
(13:45 / Allies) OakHill: search again?
(13:46 / All) Noble_Pally: yeah and i have no shop! :)
(13:50 / Allies) DRAYEN4V4RTGOD: ill go on new account yes
(14:51 / Allies) OakHill: disc hack
(14:51 / Allies) DRAYEN4V4RTGOD: i had no idea you were oakhill